 Dungeon Crawl Stone Soup version 0.32-a0-12-g7fc57aa741 (webtiles) character file.

Game seed: 5016937159133236836

8336 TotoRNA the Thaumaturge (level 11, -2/90 HPs)
             Began as a Mummy Necromancer on Jan 14, 2024.
             Was a Believer of Kikubaaqudgha.
             Slain by a freezing wraith (11 damage)
             ... on level 10 of the Dungeon.
             The game lasted 00:49:42 (14481 turns).

TotoRNA the Thaumaturge (Mummy Necromancer)        Turns: 14481, Time: 00:49:43

Health: -2/90      AC: 13    Str: 12    XL:     11   Next: 8%
Magic:  22/26      EV: 12    Int: 18    God:    Kikubaaqudgha [**....]
Gold:   709        SH:  4    Dex: 13    Spells: 22/33 levels left

rFire   x . .        b - +4 dagger of Untruth {venom, rCorr}
rCold   + . .        z - +0 buckler
rNeg    + + +        g - +1 leather armour
rPois   ∞            e - +1 helmet
rElec   .            (no cloak)
rCorr   +            x - +2 pair of gloves
SInv    .            (no boots)
Will    +....        (no amulet)
Stlth   ++           i - +4 ring of protection
HPRegen 0.35/turn    n - ring of flight
MPRegen 0.20/turn

%: faith
@: animating dead, flying, slowed, studying Staves, very slow
A: cold resistance 1, negative energy resistance 3, torment resistance 2, heat
vulnerability 1, in touch with death 1, no potions, faith
a: Renounce Religion, Unearth Wretches


You were on level 10 of the Dungeon.
You worshipped Kikubaaqudgha.
Kikubaaqudgha was pleased with you.
You visited 1 branch of the dungeon, and saw 10 of its levels.

You collected 710 gold pieces.
You spent 1 gold pieces at shops.

Inventory:

Hand Weapons
 b - the +4 dagger of Untruth (weapon) {venom, rCorr}
   (You found it on level 5 of the Dungeon)

   rCorr:     It protects you from acid and corrosion.
 t - a -3 lajatang
 u - the +3 mace of Defiance {freeze, Will++ Dex-2}
   (You took it off a kobold on level 7 of the Dungeon)

   Dex-2:     It affects your dexterity (-2).
   Will++:    It greatly increases your willpower.
Missiles
 v - 2 throwing nets
Armour
 e - a +1 helmet (worn)
 g - a +1 leather armour (worn)
 x - a +2 pair of gloves (worn)
 z - a +0 buckler (worn)
Jewellery
 i - a +4 ring of protection (left hand)
 n - a ring of flight (right hand)
Wands
 l - a wand of polymorph (15)
 m - a wand of charming (25)
 q - a wand of roots (6)
 r - a wand of flame (22)
Scrolls
 d - a scroll of revelation
 f - 2 scrolls of enchant weapon
 h - 2 scrolls of enchant armour
 j - 2 scrolls of amnesia
 o - a scroll of vulnerability
 p - a scroll of poison
 w - a scroll of immolation
 y - 2 scrolls of fear


   Skills:
 + Level 10.0 Fighting
 - Level 4.2 Armour
 - Level 4.5 Dodging
 - Level 1.5 Stealth
 * Level 11.9 Spellcasting
 - Level 8.0 Necromancy


You had 22 spell levels left.
You knew the following spells:

 Your Spells              Type           Power      Damage    Failure   Level
a - Necrotise             Necr           100%       1d9       1%          1
b - Vampiric Draining     Necr           56%        2d10      1%          3
c - Animate Dead          Necr           56%        N/A       4%          4
d - Fugue of the Fallen   Necr           56%        N/A       1%          3

Your spell library contained the following spells:

 Spells                   Type           Power      Damage    Failure   Level
 Cigotuvi's Dreadful Rot  Necr/Alch/Air  60%        N/A       6%          2
 Curse of Agony           Necr           56%        N/A       12%         5
 Jinxbite                 Hex            20%        N/A       19%         2
 Static Discharge         Conj/Air       20%        3-4/arc   19%         2
 Ozocubu's Armour         Ice            10%        N/A       36%         3
 Airstrike                Air            5%         2d(1-17)  77%         4
 Summon Lightning Spire   Summ/Air       10%        N/A       77%         4
 Metabolic Englaciation   Hex/Ice        5%         N/A       98%         5
 Yara's Violent Unravell  Hex/Alch       5%         3d4       98%         5
 Sculpt Simulacrum        Ice/Alch       5%         N/A       100%        6
 Enfeeble                 Hex            5%         N/A       100%        7


Dungeon Overview and Level Annotations

Branches:
Dungeon (10/15)            Temple (0/1) D:7             Orc (0/2) D:9
   Lair: D:8-11

Altars:
Hepliaklqana
Kikubaaqudgha
Makhleb
Nemelex Xobeh
Sif Muna
Wu Jian

Shops:
D:1 [   D:7 *

Annotations:
D:8 Maggie


Innate Abilities, Weirdness & Mutations

You are immune to poison.
Your flesh is cold resistant. (rC+)
You are immune to negative energy. (rN+++)
You are immune to unholy pain and torment.
You are vulnerable to heat. (rF-)
You are in touch with the powers of death.
You do not drink.
You have a special connection with the divine. (Faith)


Message History

Your hobgoblin zombie is destroyed!
Your centaur zombie hits the freezing wraith.
Your centaur zombie kicks the freezing wraith but does no damage.
Your centaur zombie hits the freezing wraith.
Your centaur zombie kicks the freezing wraith but does no damage.
The freezing wraith attacks as it pursues you!
The freezing wraith completely misses you.
The freezing wraith hits you! The freezing wraith drains your vigour!
You feel yourself slow down.
There is a stone staircase leading up here.
You hit the freezing wraith.
The freezing wraith is lightly damaged.
The freezing wraith closely misses you. The freezing wraith barely misses you.
Your centaur zombie hits the freezing wraith but does no damage.
Your centaur zombie kicks the freezing wraith but does no damage.
The freezing wraith hits you. The freezing wraith freezes you! You resist.
* * * LOW HITPOINT WARNING * * *
The freezing wraith hits you!
* * * LOW HITPOINT WARNING * * *
Your centaur zombie hits the freezing wraith but does no damage.
Your centaur zombie closely misses the freezing wraith.
You barely miss the freezing wraith.
The freezing wraith is lightly damaged.
Your centaur zombie hits the freezing wraith but does no damage.
Your centaur zombie kicks the freezing wraith but does no damage.
The freezing wraith barely misses you.
The freezing wraith hits you but does no damage.
Your centaur zombie hits the freezing wraith but does no damage.
Your centaur zombie barely misses the freezing wraith.
You hit the freezing wraith but do no damage.
The freezing wraith is lightly damaged.
The freezing wraith closely misses you. The freezing wraith hits you.
* * * LOW HITPOINT WARNING * * *
Your centaur zombie misses the freezing wraith.
Your centaur zombie barely misses the freezing wraith.
The freezing wraith hits you!
* * * LOW HITPOINT WARNING * * *
The freezing wraith freezes you! You resist.
You die...
Kikubaaqudgha rasps: "You have failed me!
Welcome... oblivion!"

.#..##..####..#.#.####.# #
###.#)##.##..#.#.# #.# #
#.#..#.#..#..#.#.# #.# ..
#..###..###......# #.#
#.#########.#####....### #.#
....................>..# #.#
..#.........###Z.#..#######.#
#...#######.#...W#..........#
###...........#.@#.##########
#...#.###.#####..#
#.....#..........#
#.......###......#
#.#.............##
#.#..8.......8..#
#.#............##
#.............##
#.#.###.....###


You could see a freezing wraith (ally target) and a friendly centaur zombie.

Vanquished Creatures
  A two-headed ogre (D:10)
  An unseen horror (D:10)
  Psyche (D:8)
  A troll (D:9)
  Sigmund (D:4)
  8 yaks
  2 shadows (D:9)
  An unseen horror simulacrum (D:10)
  2 steam dragons
  A wraith (D:9)
  An acid dragon (D:9)
  4 orc warriors
  4 black bears
  3 sky beasts
  3 ice beasts (D:9)
  2 ogres
  5 centaurs
  A boggart (D:10)
  A wolf (D:10)
  A phantom (D:5)
  3 kobold brigands
  2 bullfrogs
  A gnoll sergeant (D:8)
  2 scorpions (D:5)
  6 wights
  5 killer bees
  5 howler monkeys
  2 bombardier beetles
  2 hounds
  2 jellies
  3 orc priests
  A gnoll bouda (D:7)
  Ijyb (D:3)
  4 iguanas
  11 orc wizards
  Terence (D:2)
  3 centaur simulacra (D:10)
  10 gnolls
  10 adders
  3 shadow imps
  3 white imps (D:9)
  4 ufetubi
  3 dart slugs
  28 orcs
  4 bats
  3 endoplasms
  2 giant cockroaches
  4 hobgoblins
  16 jackals
  24 kobolds
  5 quokkas
  6 ball pythons
  2 frilled lizards
  6 goblins
  7 rats
238 creatures vanquished.

Vanquished Creatures (collateral kills)
  A yak (D:9)
  An ice beast (D:10)
  A quokka (D:2)
  A ball python (D:4)
  A frilled lizard (D:1)
  3 kobolds
  2 rats
10 creatures vanquished.

Vanquished Creatures (others)
  A wolf (D:10)
  A bullfrog (D:9)
  2 yak zombies
  A centaur zombie (D:9)
  4 orc zombies
  An adder zombie (D:9)
  A hobgoblin zombie (D:10)
  A kobold (D:9)
  7 kobold zombies (D:9)
19 creatures vanquished.

Grand Total: 267 creatures vanquished

Notes
Turn   | Place    | Note
-------+----------+-------------------------------------------
     0 | D:1      | TotoRNA the Mummy Necromancer began the quest for the Orb.
     0 | D:1      | Reached XP level 1. HP: 13/13 MP: 4/4
   112 | D:1      | Found a faded altar of an unknown god.
   180 | D:1      | Reached XP level 2. HP: 16/20 MP: 5/5
   298 | D:1      | Reached skill level 1 in Fighting
   698 | D:1      | Reached XP level 3. HP: 26/26 MP: 2/7
   821 | D:1      | Found Jetyomm Dinn's Antique Armour Boutique.
  1165 | D:2      | Learned a level 3 spell: Vampiric Draining
  1201 | D:2      | Noticed Terence
  1344 | D:2      | Killed Terence
  1345 | D:2      | Reached skill level 5 in Necromancy
  1345 | D:2      | Reached XP level 4. HP: 33/33 MP: 4/8
  2151 | D:3      | Reached XP level 5. HP: 36/39 MP: 4/9
  2363 | D:3      | Noticed Ijyb
  2419 | D:4      | Reached XP level 6. HP: 47/47 MP: 0/10
  2833 | D:3      | Killed Ijyb
  3291 | D:4      | Reached XP level 7. HP: 53/54 MP: 9/11
  3316 | D:4      | Noticed Sigmund
  3324 | D:4      | Killed Sigmund
  3626 | D:4      | Found a burning altar of Makhleb.
  3626 | D:4      | Found a shimmering blue altar of Sif Muna.
  3627 | D:4      | Found a sparkling altar of Nemelex Xobeh.
  3776 | D:5      | Entered Level 5 of the Dungeon
  3820 | D:5      | Identified the +4 dagger of Untruth {venom, rCorr}
  4256 | D:5      | Reached skill level 1 in Armour
  4299 | D:5      | Reached skill level 5 in Fighting
  4591 | D:5      | Reached XP level 8. HP: 55/62 MP: 10/12
  5672 | D:6      | Found an ornate altar of the Wu Jian Council.
  6535 | D:7      | Found Zuarip's Lightly-Used Armoury.
  6543 | D:7      | Bought a -3 lajatang for 1 gold piece
  6611 | D:7      | Found an ancient bone altar of Kikubaaqudgha.
  6634 | D:7      | Became a worshipper of Kikubaaqudgha
  6668 | D:7      | Reached XP level 9. HP: 71/71 MP: 13/13
  6682 | D:7      | Found a staircase to the Ecumenical Temple.
  6727 | D:7      | Identified the +3 mace of Defiance {freeze, Will++ Dex-2}
  6954 | D:7      | Found a hazy altar of Hepliaklqana.
  7210 | D:8      | Learned a level 4 spell: Animate Dead
  7414 | D:8      | Noticed Maggie
  7457 | D:7      | Reached * piety under Kikubaaqudgha
  7457 | D:7      | Received a gift from Kikubaaqudgha
  7458 | D:7      | Reached skill level 3 in Spellcasting
  7462 | D:7      | Learned a level 3 spell: Fugue of the Fallen
  7952 | D:8      | Reached skill level 4 in Spellcasting
  8065 | D:8      | Noticed Psyche
  8361 | D:8      | Reached skill level 5 in Spellcasting
  8474 | D:8      | Paralysed by something for 1 turns
  8477 | D:8      | Killed Psyche
  8478 | D:8      | Reached skill level 6 in Spellcasting
  8859 | D:9      | Reached skill level 7 in Spellcasting
  9060 | D:9      | Reached XP level 10. HP: 24/81 MP: 7/21
  9087 | D:9      | Reached skill level 8 in Spellcasting
  9331 | D:9      | Found a staircase to the Orcish Mines.
  9488 | D:9      | Reached ** piety under Kikubaaqudgha
 10894 | D:9      | Reached skill level 9 in Spellcasting
 10992 | D:10     | Entered Level 10 of the Dungeon
 11780 | D:9      | Reached skill level 10 in Spellcasting
 12286 | D:10     | Noticed a two-headed ogre
 12762 | D:9      | HP: 2/83 [something (14)]
 13016 | D:10     | Reached skill level 11 in Spellcasting
 14318 | D:10     | Reached XP level 11. HP: 73/90 MP: 26/26
 14360 | D:10     | Killed a two-headed ogre
 14361 | D:10     | Reached skill level 10 in Fighting
 14454 | D:10     | Noticed a boulder beetle
 14481 | D:10     | Slain by a freezing wraith

Illustrated notes

Levels and vault maps discovered:
D:1:      dpeg_arrival_radiant, layout_basic, serial_shops, shop,
          ebering_ecumenical_altar_rust
D:2:      layout_rooms, uniq_terence
D:3:      layout_basic, tso_altar, grunt_ministairs_9, uniq_ijyb
D:4:      nicolae_cairo_tiling, layout_rooms,
          gammafunk_temple_overflow_forgotten,
          amcnicky_mini_rare_corridor_liquid, dk_noncrumbling_2,
          serial_library_hellmonk_narrow_alcove, solitary_fountain, uniq_sigmund
D:5:      layout_cave_pools, serial_bayou_pond_a,
          serial_library_hellmonk_open_square
D:6:      layout_loops_ring, nicolae_wu_jian_wuxing_cycle, minmay_holes
D:7:      layout_basic, worldfamousw_hep_ancestral_shrine,
          nicolae_overflow_crystal_walls, temple_pool_b, minmay_shop_damaged
D:8:      layout_cave_pools, marbit_many_paths, uniq_maurice, uniq_psyche,
          uniq_maggie
D:9:      layout_basic, minmay_orc_entry_temple_small,
          hangedman_decor_clover_reticule, kennysheep_dice
D:10:     minmay_the_grid_4x2 [minmay_the_grid_paths,
          minmay_the_grid_minigrid_medium, minmay_the_grid_minigrid_small,
          minmay_the_grid_all_tris, minmay_the_grid_rooms,
          minmay_the_grid_dragon_a, minmay_the_grid_eight,
          minmay_the_grid_prize_inner_circle], layout_basic, serial_ice,
          serial_ice_k, serial_ice_o, serial_ice_e, serial_ice_d, serial_ice_a,
          serial_ice_h, serial_ice_b, serial_ice_g, serial_ice_c, serial_ice_m

Skill      XL: |  1  2  3  4  5  6  7  8  9 10 11 |
---------------+----------------------------------+-----
Fighting       | 1 2 3 4 5 6 8 9 10 | 10.0
Necromancy     | 5 6 7 8 |  8.0
Armour         | 2 4 |  4.2
Dodging        | 3 4 |  4.5
Spellcasting   | 7 11 | 11.9
Stealth        | |  1.5

Action                     |  1- 3 |  4- 6 |  7- 9 | 10-12 || total
---------------------------+-------+-------+-------+-------++-------
  Melee: Club              |     2 |       |       |       ||     2
         Dagger            |    51 |    63 |   359 |   293 ||   766
         Punch             |       |       |     7 |     2 ||     9
   Cast: Necrotise         |    33 |    72 |    72 |    11 ||   188
         Vampiric Draining |       |     7 |    37 |    40 ||    84
         Animate Dead      |       |       |     1 |     8 ||     9
         Fugue of the Fall |       |       |     1 |       ||     1
 Invoke: Unearth Wretches  |       |       |       |     3 ||     3
    Use: Scroll            |       |     4 |     7 |     6 ||    17
   Stab: Sleeping          |     3 |     2 |       |       ||     5
         Distracted        |       |       |     1 |     1 ||     2
         Paralysed         |       |       |       |     4 ||     4
 Armour: Robe              |    38 |    45 |    22 |       ||   105
         Leather armour    |       |       |   291 |   404 ||   695
  Dodge: Dodged            |    54 |    61 |   298 |   259 ||   672
  Block: Buckler           |       |       |       |    47 ||    47

Table legend: (Time is in decaauts)
 A = Elapsed time spent in this place.
 B = Non-inter-level travel time spent in this place.
 C = Inter-level travel time spent in this place.
 D = Time resting spent in this place.
 E = Time spent auto-exploring this place.
 F = Levels seen in this place.
 G = Mean time per level.
                   A        B        C        D        E       F      G
               +--------+--------+--------+--------+--------+-----+--------+
         Total |  14546 |  13278 |   1268 |   4703 |   4595 |  10 | 1454.6 |
       Dungeon |  14546 |  13278 |   1268 |   4703 |   4595 |  10 | 1454.6 |
               +--------+--------+--------+--------+--------+-----+--------+

Top non-repeatable levels by time:
     D:9: 4445 daAuts
     D:7: 2043 daAuts
     D:4: 1754 daAuts
     D:1: 1211 daAuts
    D:10: 1046 daAuts
     D:8: 980 daAuts
     D:3: 898 daAuts
     D:5: 770 daAuts
     D:6: 737 daAuts
     D:2: 657 daAuts
